 Dungeon Crawl Stone Soup version 0.30-a0-365-ge7f957f1db (webtiles) character file.

Game seed: 5584318972195934092

1885 horus123 the Fanfare of Bloodshed (level 8, -12/68 HPs)
             Began as a Pale Draconian Wanderer on Nov 17, 2022.
             Was a Believer of Makhleb.
             Mangled by Joseph
             ... wielding a +0 quarterstaff
              (15 damage)
             ... on level 7 of the Dungeon.
             The game lasted 00:15:26 (7761 turns).

horus123 the Fanfare of Bloodshed (DrWn)            Turns: 7761, Time: 00:15:27

Health: -12/68     AC:  7    Str: 12    XL:     8   Next: 92%
Magic:  14/14      EV: 11    Int: 17    God:    Makhleb [**....]
Gold:   195        SH:  0    Dex: 11    Spells: 7/11 levels left

rFire   . . .      SeeInvis .    w - +4 flail (vorpal)
rCold   + . .      Faith    +    (no shield)
rNeg    . . .      Spirit   .    (body armour unavailable)
rPois   .          Reflect  .    (helmet restricted)
rElec   .          Harm     .    b - +0 cloak
rCorr   .          Rampage  .    (no gloves)
Will    .....                    (no boots)
Stlth   +.........               n - amulet of faith
HPRegen 0.31/turn                A - ring of protection from cold
MPRegen 0.14/turn                (no ring)

@: no status effects
A: breathe steam, AC +6, unfitting armour, cold-blooded, steam resistance
a: Breathe Steam, Renounce Religion, Minor Destruction


You were on level 7 of the Dungeon.
You worshipped Makhleb.
Makhleb was pleased with you.
You visited 2 branches of the dungeon, and saw 8 of its levels.

You collected 255 gold pieces.
You spent 60 gold pieces at shops.

Inventory:

Hand Weapons
 a - a +0 shortbow
 k - a +1 mace of protection
 w - a +4 vorpal flail (weapon)
Missiles
 o - 2 throwing nets
 t - 4 boomerangs
Armour
 b - a +0 cloak (worn)
Jewellery
 n - an amulet of faith (around neck)
 A - a ring of protection from cold (left hand)
Wands
 y - a wand of flame (6)
Scrolls
 d - a scroll of immolation
 g - 3 scrolls of teleportation
 j - a scroll of amnesia {unknown}
 l - 2 scrolls of butterflies {unknown}
 m - 5 scrolls of vulnerability
 p - a scroll of blinking {unknown}
 q - 3 scrolls of identify
 r - 2 scrolls of brand weapon
 u - 2 scrolls of poison {unknown}
 v - 2 scrolls of magic mapping {unknown}
Potions
 c - 2 potions of mutation
 e - a potion of lignification {unknown}
 f - 3 potions of curing
 h - a potion of berserk rage {unknown}
 i - 2 potions of haste
 s - 4 potions of attraction {unknown}
 x - 2 potions of flight {unknown}
 z - 4 potions of brilliance {unknown}


   Skills:
 - Level 5.0 Fighting
 - Level 5.0 Maces & Flails
 - Level 2.6 Ranged Weapons
 - Level 1.0 Dodging
 - Level 1.0 Stealth
 - Level 2.0 Spellcasting
 - Level 4.0 Conjurations
 - Level 3.2 Air Magic
 + Level 8.9 Invocations


You had 7 spell levels left.
You knew the following spells:

 Your Spells              Type           Power      Damage    Failure   Level
a - Shock                 Conj/Air       56%        1d6       4%          1
b - Mephitic Cloud        Conj/Pois/Air  9%         N/A       22%         3

Your spell library contained the following spells:

 Spells                   Type           Power      Damage    Failure   Level
 Sublimation of Blood     Necr           1%         N/A       28%         2
 Ozocubu's Armour         Ice            1%         N/A       50%         3
 Passage of Golubria      Tloc           1%         N/A       88%         4
 Petrify                  Tmut/Erth      1%         N/A       88%         4
 Irradiate                Conj/Tmut      4%         3d13      93%         5
 Silence                  Hex/Air        3%         N/A       95%         5
 Metabolic Englaciation   Hex/Ice        0%         N/A       99%         5
 Simulacrum               Ice/Necr       0%         N/A       100%        6
 Lehudib's Crystal Spear  Conj/Erth      4%         10d3      100%        8


Dungeon Overview and Level Annotations

Branches:
Dungeon (7/15)             Temple (1/1) D:6

Altars:
Cheibriados
Dithmenos
Elyvilon
Fedhas
Gozag
Hepliaklqana
Kikubaaqudgha
Makhleb
Nemelex Xobeh
Okawaru
Qazlal
Ru
Sif Muna
Trog
Wu Jian
Xom
Zin
The Shining One

Shops:
D:3 !   D:5 [   D:7 *

Annotations:
D:7 Joseph


Innate Abilities, Weirdness & Mutations

You can breathe blasts of scalding, opaque steam.
Your pale cyan-grey scales are hard. (AC +6)
You cannot fit into any form of body armour.
You are cold-blooded and may be slowed by cold attacks.
You are immune to the effects of steam.


Message History

The bullfrog hits you but does no damage.
You sock the bullfrog!
You kill the bullfrog!
Makhleb accepts your kill.
You feel better.
Joseph unwields a +0 sling.
Joseph wields a +0 quarterstaff.
Joseph hits you with a +0 quarterstaff.
You see here a bullfrog corpse.
You sock Joseph!
Joseph is moderately wounded.
You hit Joseph but do no damage.
Joseph is moderately wounded.
Joseph barely misses you. Joseph hits you with a +0 quarterstaff!
You sock Joseph!
Joseph is heavily wounded.
Joseph hits you but does no damage.
You completely miss Joseph.
Joseph is heavily wounded.
Joseph completely misses you.
You thump Joseph!
Your tail-slap misses Joseph.
Joseph is severely wounded.
Joseph hits you with a +0 quarterstaff!
* * * LOW HITPOINT WARNING * * *
You sock Joseph!
Joseph is almost dead.
Joseph hits you with a +0 quarterstaff.
* * * LOW HITPOINT WARNING * * *
You feel better. Joseph hits you with a +0 quarterstaff!
* * * LOW HITPOINT WARNING * * *
You feel better. Joseph hits you with a +0 quarterstaff!
* * * LOW HITPOINT WARNING * * *
You feel better. Joseph hits you with a +0 quarterstaff!
* * * LOW HITPOINT WARNING * * *
You are too injured to fight recklessly!
Aiming: Minor Destruction (0% risk of failure)
Press: ? - help, Q - select action, (/) - cycle Shift-Dir - straight line, f - Joseph
Aim: Joseph, wielding a +0 quarterstaff and wearing a +0 leather armour (almost dead) Joseph resists with some effort.
Joseph hits you with a +0 quarterstaff!
You die...

# #.#. ##.#..# ..#..## # ..
..... .# . #... ##.# # .#
##.##..#.... .#.#
###...@....>.. ..#
#....@#.)##..#
###..######.##..##.F..#
##........ ##..# #.....
...##..### #...# #.###
.........#####.#.####.#
...#........##..<##...# ..
.#....#..##......##...# ...
.###..#...###.........# #...
.###...#..............######..#


You could see Joseph.

Vanquished Creatures
  A steam dragon (D:6)
  3 water moccasins
  An ice beast (D:4)
  An orc warrior (D:6)
  A black bear (D:7)
  A phantom (D:5)
  5 bullfrogs
  A gnoll sergeant (D:7)
  A howler monkey (D:5)
  2 hounds
  An orc priest (D:3)
  4 iguanas
  4 jellies
  2 orc wizards (D:6)
  8 gnolls
  7 river rats (D:6)
  5 adders
  An ufetubus (D:5)
  A worm (D:2)
  A dart slug (D:2)
  13 orcs
  5 ball pythons
  4 endoplasms
  4 giant cockroaches
  9 goblins
  9 hobgoblins
  11 kobolds
  8 quokkas
  6 bats
  4 frilled lizards
  26 rats
150 creatures vanquished.

Vanquished Creatures (others)
  A quokka (D:6)
1 creature vanquished.

Grand Total: 151 creatures vanquished

Notes
Turn   | Place    | Note
-------+----------+-------------------------------------------
     0 | D:1      | horus123 the Draconian Wanderer began the quest for the
                  | Orb.
     0 | D:1      | horus123 set off with the following items: a +0 shortbow, a
                  | +0 cloak, a potion of mutation; and the following spell
                  | memorised: Shock; and the following spells available to
                  | memorise: Mephitic Cloud.
     0 | D:1      | Reached XP level 1. HP: 14/14 MP: 3/3
    84 | D:1      | Reached skill level 1 in Conjurations
   219 | D:1      | Reached XP level 2. HP: 20/20 MP: 5/5
  1314 | D:2      | Reached XP level 3. HP: 25/26 MP: 6/6
  1885 | D:2      | Learned a level 3 spell: Mephitic Cloud
  2837 | D:3      | Reached XP level 4. HP: 33/33 MP: 3/7
  2841 | D:3      | Reached skill level 1 in Fighting
  2934 | D:3      | Found Opneg's Distillery.
  2940 | D:3      | Bought a potion of heal wounds for 60 gold pieces
  3162 | D:3      | Found a faded altar of an unknown god.
  3438 | D:4      | Noticed an ice beast
  3489 | D:4      | Reached XP level 5. HP: 34/42 MP: 1/8
  3914 | D:4      | Killed an ice beast
  4134 | D:4      | Found a snail-covered altar of Cheibriados.
  4143 | D:4      | Reached XP level 6. HP: 43/53 MP: 7/9
  4406 | D:5      | Entered Level 5 of the Dungeon
  4491 | D:5      | Reached skill level 5 in Fighting
  4491 | D:5      | Reached skill level 1 in Maces & Flails
  5005 | D:5      | Your scales start taking on a pale cyan-grey colour.
  5005 | D:5      | Reached XP level 7. HP: 56/61 MP: 3/10
  5005 | D:5      | Gained mutation: You are immune to the effects of steam.
                  | [Pale Draconian growth]
  5182 | D:5      | Found Juagor's Antique Armour Emporium.
  5578 | D:6      | Found a staircase to the Ecumenical Temple.
  5604 | Temple   | Entered the Ecumenical Temple
  5738 | Temple   | Became a worshipper of Makhleb the Destroyer
  6085 | D:6      | Reached skill level 5 in Maces & Flails
  6096 | D:6      | Reached skill level 1 in Invocations
  6107 | D:6      | Reached * piety under Makhleb
  6205 | D:6      | Noticed a steam dragon
  6216 | D:6      | Killed a steam dragon
  6217 | D:6      | Reached skill level 3 in Invocations
  6882 | D:6      | Reached skill level 4 in Invocations
  6882 | D:6      | Reached XP level 8. HP: 36/68 MP: 9/11
  6998 | D:6      | Reached skill level 5 in Invocations
  7229 | D:6      | Reached skill level 6 in Invocations
  7231 | D:6      | Reached ** piety under Makhleb
  7407 | D:7      | Found Domuel's Fire Supplies.
  7493 | D:7      | Reached skill level 7 in Invocations
  7616 | D:7      | Reached skill level 8 in Invocations
  7740 | D:7      | Noticed Joseph
  7760 | D:7      | HP: 3/68 [Joseph/+0 quarterstaff (12)]
  7761 | D:7      | Mangled by Joseph

Illustrated notes

Levels and vault maps discovered:
D:1:      sevenhm_arrival_forest_fort_large_1, layout_basic, feat_on_display
D:2:      layout_loops_ring, kennysheep_small_spiral, minivault_27
D:3:      layout_loops_ring, ebering_ecumenical_altar_abandoned, serial_shops,
          nicolae_shop_stone, dk_noncrumbling_3, hangedman_decor_points,
          minmay_ruptured
D:4:      layout_cave_pods, nicolae_overflow_hidden_temple
D:5:      layout_loops_ring, serial_shops, shop_statue
D:6:      lemuel_ratsnest, layout_basic, minmay_temple_entry_statues_pillars,
          enter_ossuary_2
D:7:      layout_rooms, grunt_decor_mini_mirrors, nicolae_shop_fire_sale
          [nicolae_sub_dead_trees], uniq_joseph
Temple:   bh_familiar_temple

Skill      XL: |  1  2  3  4  5  6  7  8 |
---------------+-------------------------+-----
Conjurations   | 1 2 3 4 |  4.0
Fighting       | 2 4 5 |  5.0
Maces & Flails | 3 5 |  5.0
Invocations    | 4 8 |  8.9
Ranged Weapons | |  2.6
Dodging        | |  1.0
Stealth        | |  1.0
Spellcasting   | |  2.0
Air Magic      | |  3.2

Action                   |  1- 3 |  4- 6 |  7- 9 || total
-------------------------+-------+-------+-------++-------
Melee: Long sword        |    19 |       |       ||    19
       Mace              |    23 |       |       ||    23
       Tailslap          |     4 |     3 |    10 ||    17
       Punch             |     1 |       |     3 ||     4
       Flail             |       |    37 |   155 ||   192
 Fire: Shortbow          |    30 |    15 |       ||    45
 Cast: Shock             |    77 |    61 |    38 ||   176
Invok: Minor Destruction |       |       |    35 ||    35
 Abil: Breathe Steam     |       |       |     1 ||     1
  Use: Scroll            |       |     8 |     2 ||    10
       Potion            |       |       |     9 ||     9
 Stab: Sleeping          |     3 |       |     1 ||     4
Armor: Skin              |    22 |    20 |    51 ||    93
Dodge: Dodged            |    42 |    30 |   102 ||   174

Table legend: (Time is in decaauts)
 A = Elapsed time spent in this place.
 B = Non-inter-level travel time spent in this place.
 C = Inter-level travel time spent in this place.
 D = Time resting spent in this place.
 E = Time spent auto-exploring this place.
 F = Levels seen in this place.
 G = Mean time per level.
                   A        B        C        D        E       F      G
               +--------+--------+--------+--------+--------+-----+--------+
         Total |   7842 |   7608 |    234 |    419 |   6121 |   8 |  980.2 |
       Dungeon |   7615 |   7400 |    215 |    419 |   5935 |   7 | 1087.9 |
        Temple |    226 |    207 |     19 |      0 |    186 |   1 |  226.0 |
               +--------+--------+--------+--------+--------+-----+--------+

Top non-repeatable levels by time:
     D:6: 1708 daAuts
     D:1: 1300 daAuts
     D:2: 1145 daAuts
     D:4: 1100 daAuts
     D:3: 907 daAuts
     D:5: 893 daAuts
     D:7: 558 daAuts
  Temple: 226 daAuts
